 Dungeon Crawl Stone Soup version 0.24.1-5-g77f818bfca (webtiles) character file.

Game seed: 15813517992322184913, levelgen mode: deterministic

217 Peloso the Slasher (level 5, -4/45 HPs)
             Began as a Demigod Fighter on Apr 24, 2020.
             Slain by an ogre
             ... wielding a +0 giant club
              (5 damage)
             ... on level 4 of the Dungeon.
             The game lasted 00:07:19 (2523 turns).

Peloso the Slasher (Demigod Fighter)                Turns: 2523, Time: 00:07:19

Health: -4/45      AC: 11    Str: 24      XL:     5   Next: 35%
Magic:  7/7        EV:  8    Int: 12      God:
Gold:   152        SH: 11    Dex: 14 (17) Spells: 4/4 levels left

rFire    . . .     SeeInvis .   a - +0 long sword
rCold    . . .     Gourm    .   c - +1 shield
rNeg     . . .     Faith    .   b - +0 scale mail
rPois    .         Spirit   .   p - +1 hat
rElec    .         Reflect  .   l - +2 cloak
rCorr    .         Harm     .   (no gloves)
MR       .....                  (no boots)
Stlth    ..........             (no amulet)
HPRegen  0.15/turn              (no ring)
MPRegen  0.10/turn              (no ring)

@: mighty, starving
A: high mp 1
a: no special abilities


You were on level 4 of the Dungeon.
You were starving.

You visited 1 branch of the dungeon, and saw 4 of its levels.

You collected 152 gold pieces.

Inventory:

Hand Weapons
 a - a +0 long sword (weapon)
Armour
 b - a +0 scale mail (worn)
 c - a +1 shield (worn)
 e - a scarf of cloud immunity
 l - a +2 cloak (worn)
 p - a +1 hat (worn)
Scrolls
 g - 2 scrolls of fog
 i - a scroll of identify
Potions
 j - a potion of haste
 k - a potion of resistance
Comestibles
 f - 5 rations


   Skills:
 + Level 3.2 Fighting
 + Level 3.7 Long Blades
 + Level 3.3 Armour
 + Level 0.9 Dodging
 + Level 3.7 Shields


You had 4 spell levels left.
You didn't know any spells.
Your spell library was empty.

Dungeon Overview and Level Annotations

Branches:
Dungeon (4/15)
 Temple: D:4-7

Annotations:
D:4 Eustachio


Innate Abilities, Weirdness & Mutations

You have an increased reservoir of magic. (+10% MP)


Message History

The quasit bites you but does no damage.
The quasit barely misses you.
The quasit claws you but does no damage.
You block the ogre's attack.
Eustachio gestures wildly while chanting.
Your shield and scale mail prevent you from hitting the ogre.
The ogre is lightly wounded.
The rat disappears in a puff of smoke!
The quasit disappears in a puff of smoke!
The bat completely misses you. The bat hits you but does no damage.
The ogre hits you with a +0 giant club!!
Ouch! That really hurt!
* * * LOW HITPOINT WARNING * * *
Eustachio casts a spell.
You block the rat's attack.
You hit the ogre.
The ogre is moderately wounded.
The bat hits you but does no damage. Eustachio misses you.
The ogre hits you with a +0 giant club.
You die...

### .. .>## ...
####### ###.####
#..!..# #.5.....
#.....###rr.#.###
#....ยง5b@@r......
#.....###Ol...###
#.$[..# #'#####
#..<..# .. #.....#
... +..[..+ ....
#....(# .....
####### .?....


You could see Eustachio, an ogre, an iron imp, a quasit, a river rat, a bat, a
frilled lizard and 2 rats.

Vanquished Creatures
  A hound (D:4)
  Terence (D:2)
  8 adders (D:3)
  A river rat (D:3)
  An ooze (D:3)
  A worm (D:2)
  2 leopard geckos (D:3)
  2 orcs (D:3)
  8 bats
  5 giant cockroaches
  5 goblins
  10 hobgoblins
  3 jackals (D:1)
  5 ball pythons
  5 frilled lizards
  6 kobolds
  8 rats
72 creatures vanquished.

Notes
Turn   | Place    | Note
-------+----------+-------------------------------------------
     0 | D:1      | Peloso the Demigod Fighter began the quest for the Orb.
     0 | D:1      | Reached XP level 1. HP: 18/18 MP: 3/3
   171 | D:1      | Reached XP level 2. HP: 22/25 MP: 4/4
   844 | D:2      | Noticed Terence
   880 | D:2      | Reached XP level 3. HP: 30/31 MP: 5/5
  1191 | D:2      | Killed Terence
  1475 | D:3      | Reached XP level 4. HP: 32/38 MP: 6/6
  1918 | D:3      | Reached XP level 5. HP: 16/45 MP: 7/7
  2430 | D:4      | Noticed Eustachio
  2507 | D:4      | Noticed an ogre
  2522 | D:4      | HP: 1/45 [ogre/+0 giant club (24)]
  2523 | D:4      | Slain by an ogre

Levels and vault maps discovered:
D:1:      dpeg_arrival_tiny_a, layout_basic
D:2:      layout_rooms, serial_rivers, chequers_serial_rivers_large_b,
          chequers_serial_rivers_marsh, chequers_serial_rivers_room_a,
          chequers_serial_rivers_micro_c, first_ration, uniq_terence
D:3:      minmay_chambers_of_twos, layout_loops_corners, portal_sewer_entry_b
D:4:      layout_basic, temple_green, uniq_eustachio, uniq_robin,
          uniq_blork_the_orc

Skill      XL: |  1  2  3  4 |
---------------+-------------+-----
Long Blades    | 2 3 |  3.7
Shields        | 3 |  3.7
Fighting       | 3 |  3.2
Armour         | 3 |  3.3
Dodging        | |  0.9

Action                   |  1- 3 |  4- 6 || total
-------------------------+-------+-------++-------
Melee: Long sword        |   151 |   166 ||   317
  Use: Scroll            |    10 |       ||    10
       Potion            |       |     4 ||     4
  Eat: Chunk             |     2 |     2 ||     4
Armor: Scale mail        |    83 |   165 ||   248
Dodge: Dodged            |    59 |   117 ||   176
Block: Shield            |    85 |   154 ||   239
       Rpst.: Long sword |    24 |    28 ||    52
